 Dungeon Crawl Stone Soup version 0.31-a0-217-g58bb5d79cf (webtiles) character file.

Game seed: 10077160944572363463

795 qw the Chopper (level 7, -2/44 HPs)
             Began as a Gargoyle Fighter on July 2, 2023.
             Slain by an orc
             ... wielding a +0 morningstar
              (9 damage)
             ... on level 6 of the Dungeon.
             The game lasted 00:02:47 (4213 turns).

qw the Chopper (Gargoyle Fighter)                   Turns: 4213, Time: 00:02:47

Health: -2/44      AC: 15    Str: 22    XL:     7   Next: 89%
Magic:  7/7        EV:  8    Int:  8    God:
Gold:   214        SH:  4    Dex:  9    Spells: 6/6 levels left

rFire   . . .        k - +1 broad axe (heavy)
rCold   + + +        c - +0 buckler
rNeg    + . .        f - +0 chain mail {rC+}
rPois   inf          p - +0 helmet
rElec   +            (no cloak)
rCorr   .            (no gloves)
SInv    .            (no boots)
Will    .....        b - amulet of the acrobat Stlth
                     a - ring of protection from cold
HPRegen 0.27/turn    i - ring of protection from cold
MPRegen 0.10/turn

%: acrobat
@: no status effects
A: sickness immunity, AC +4, negative energy resistance 1, electricity
resistance, torment resistance 1, petrification resistance
a: no special abilities


You were on level 6 of the Dungeon.
You visited 1 branch of the dungeon, and saw 6 of its levels.

You collected 214 gold pieces.


Innate Abilities, Weirdness & Mutations

You are immune to sickness and miasma.
Your stone body is resilient. (AC +4)
You are immune to poison.
You resist negative energy. (rN+)
You are resistant to electric shocks. (rElec)
You are resistant to unholy torment.
You are immune to petrification.


   Skills:
 + Level 4.8 Fighting
 - Level 7.0 Axes
 - Level 3.2 Armour
 - Level 1.8 Dodging
 - Level 3.2 Shields


You had 6 spell levels left.
You didn't know any spells.
Your spell library was empty.

Inventory:

Hand Weapons
 e - a +0 flail of protection
 k - a +1 heavy broad axe (weapon)
Armour
 c - a +0 buckler (worn)
 f - a +0 chain mail of cold resistance (worn)
 p - a +0 helmet (worn)
Jewellery
 a - a ring of protection from cold (left hand)
 b - an amulet of the acrobat (around neck)
 i - a ring of protection from cold (right hand)
Scrolls
 j - a scroll of identify
 r - a scroll of teleportation
Potions
 d - a potion of might
 g - a potion of haste
 h - 3 potions of mutation
 l - a potion of heal wounds
 m - 2 potions of curing
 n - a potion of resistance
 o - a potion of ambrosia {unknown}
 q - a potion of brilliance {unknown}
 s - a potion of lignification {unknown}
 t - a potion of invisibility {unknown}

Dungeon Overview and Level Annotations

Branches:
Dungeon (6/15)
 Temple: D:4-7

Altars:

Shops:
D:1 [   D:3 ?

Annotations:
D:4 3 runed translucent doors, qw's ghost, amateur DEHu
D:5 1 runed translucent door, Crazy Yiuf
D:6 Menkaure


Message History

You hit the hound.
The hound is heavily wounded.
The hound bites you but does no damage. The hound bites you.
The hound bites you but does no damage.
You slash the hound!
You kill the hound!
You start resting.
You hear the slow hiss of an avalanche of sand very nearby.
HP restored.
An orc wizard and 2 orcs come into view.
The orc wizard is wielding a +1 dagger of venom.
The orc wizard shouts!
The orc shouts! x2; You hear a shout!
An orc priest comes into view. It is wielding a +0 club.
The orc moves out of view.
4207 ||| Stepping ~*~*~tactically~*~*~ (hiding).
4208 ||| Stepping ~*~*~tactically~*~*~ (hiding).
You start waiting.
An orc wizard is nearby!
A two-headed ogre and an orc come into view.
The orc is wielding a +0 morningstar of venom.
The two-headed ogre shouts in stereo!
The orc priest shouts!
The orc shouts!
The orc wizard completely misses you.
The two-headed ogre moves out of view.
You slice the orc wizard!!
You kill the orc wizard!
You closely miss the orc. The orc hits you with a +0 morningstar.
Menkaure, Prince of Dust comes into view.
The orc hits you but does no damage.
You barely miss the orc. You closely miss the orc.
Menkaure shouts!
You hear a bark!
The orc hits you with a +0 whip. The orc hits you but does no damage.
The orc priest calls down the wrath of Beogh upon you.
Beogh smites you! The orc barely misses you.
The orc priest invokes the aid of Beogh against you.
Beogh smites you! The orc hits you but does no damage.
You closely miss the orc. x2
The orc closely misses you.
The orc priest mumbles some strange prayers to Beogh against you.
Beogh smites you! The orc hits you with a +0 morningstar!
You die...

.#..### .. ....
M.o#.. .#... ###
..O# ... ##o.. #
#.. #oo# #.##. #.#
##@##...... #.#
#.....#.# #.#
##...#...... ####.#
##......#..##
#<...###%....###
..#
####.##.....>.#.# .
#..<....#.......#
....#.%.......#####
..............#


You could see a two-headed ogre, Menkaure, an orc priest and 3 orcs.

Vanquished Creatures
  A black bear (D:5)
  An ogre (D:5)
  4 hounds
  2 jellies
  A gnoll bouda (D:4)
  Terence (D:2)
  2 orc wizards
  13 gnolls
  7 adders
  7 worms
  A dart slug (D:4)
  14 orcs
  3 endoplasms
  2 giant cockroaches
  15 goblins
  17 hobgoblins
  7 jackals
  11 kobolds
  5 quokkas
  4 ball pythons
  8 bats
  4 frilled lizards
  5 rats
135 creatures vanquished.

Notes
Turn   | Place    | Note
-------+----------+-------------------------------------------
     0 | D:1      | qw the Gargoyle Fighter began the quest for the Orb.
     0 | D:1      | Reached XP level 1. HP: 14/14 MP: 1/1
     0 | D:1      | 0 ||| qw: Version: 0.3-a-40-ge99b1a8
     0 | D:1      | 0 ||| qw: Game counter: 7954
     0 | D:1      | 0 ||| qw: Melee chars always use a shield: true
     0 | D:1      | 0 ||| qw: God list: Okawaru
     0 | D:1      | 0 ||| qw: Allow faded altars: false
     0 | D:1      | 0 ||| qw: Do Orc after clearing Dungeon:15 true
     0 | D:1      | 0 ||| qw: Do second Lair branch before Depths: true
     0 | D:1      | 0 ||| qw: Lair rune preference: random
     0 | D:1      | 0 ||| qw: Goals: Normal, Zot:1-4, Slime:5, God:TSO, Crypt,
                  | Tomb, Abyss, Pan, Hells, Win
     0 | D:1      | 0 ||| PLANNING D:1-11
    59 | D:1      | Reached skill level 2 in Axes
    65 | D:1      | Found Rekotyrch's Armour Emporium.
    92 | D:1      | 92 ||| SHOPLISTING +0 chain mail (58 gold, have 0).
   196 | D:1      | Reached XP level 2. HP: 18/19 MP: 2/2
   209 | D:1      | Found a faded altar of an unknown god.
   366 | D:1      | 366 ||| Stepping ~*~*~tactically~*~*~ (stealth).
   388 | D:1      | 388 ||| DROPPING +0 club.
   396 | D:1      | 396 ||| Stepping ~*~*~tactically~*~*~ (stealth).
   406 | D:1      | Reached skill level 3 in Axes
   409 | D:1      | 409 ||| FLEEEEING.
   410 | D:1      | 410 ||| FLEEEEING.
   411 | D:1      | 411 ||| FLEEEEING.
   412 | D:1      | 412 ||| FLEEEEING.
   413 | D:1      | 413 ||| FLEEEEING.
   414 | D:1      | 414 ||| FLEEEEING.
   415 | D:1      | 415 ||| FLEEEEING.
   416 | D:1      | 416 ||| FLEEEEING.
   417 | D:1      | 417 ||| FLEEEEING.
   418 | D:1      | 418 ||| FLEEEEING.
   419 | D:1      | 419 ||| FLEEEEING.
   420 | D:1      | 420 ||| FLEEEEING.
   421 | D:1      | 421 ||| FLEEEEING.
   422 | D:1      | 422 ||| FLEEEEING.
   423 | D:1      | 423 ||| FLEEEEING.
   424 | D:1      | 424 ||| FLEEEEING.
   425 | D:1      | 425 ||| FLEEEEING.
   426 | D:1      | 426 ||| FLEEEEING.
   427 | D:1      | 427 ||| FLEEEEING.
   432 | D:1      | 432 ||| FLEEEEING.
   434 | D:1      | 434 ||| FLEEEEING.
   435 | D:1      | 435 ||| FLEEEEING.
   438 | D:1      | 438 ||| FLEEEEING.
   439 | D:1      | 439 ||| FLEEEEING.
   440 | D:1      | 440 ||| FLEEEEING.
   441 | D:1      | 441 ||| FLEEEEING.
   442 | D:1      | 442 ||| FLEEEEING.
   443 | D:1      | 443 ||| FLEEEEING.
   444 | D:1      | 444 ||| FLEEEEING.
   445 | D:1      | 445 ||| FLEEEEING.
   446 | D:1      | 446 ||| FLEEEEING.
   452 | D:1      | Reached XP level 3. HP: 23/23 MP: 3/3
   608 | D:1      | 608 ||| Stepping ~*~*~tactically~*~*~ (hiding).
   611 | D:1      | 611 ||| Stepping ~*~*~tactically~*~*~ (hiding).
   870 | D:1      | 870 ||| READING scroll labelled DUXIEZXOHI.
   871 | D:1      | 871 ||| READING scroll labelled SASEOG AJATO.
   872 | D:1      | 872 ||| READING scroll labelled TUUSTR KUXZEIPT.
   938 | D:2      | Noticed Terence
   955 | D:2      | Killed Terence
   956 | D:2      | Reached XP level 4. HP: 11/28 MP: 4/4
   996 | D:2      | 996 ||| FLEEEEING.
  1003 | D:2      | 1003 ||| STAIRDANCE
  1005 | D:1      | 1005 ||| FLEEEEING.
  1030 | D:1      | 1030 ||| UPGRADING to ring of protection from cold.
  1052 | D:2      | 1052 ||| Stepping ~*~*~tactically~*~*~ (hiding).
  1053 | D:2      | 1053 ||| Stepping ~*~*~tactically~*~*~ (hiding).
  1066 | D:2      | Reached skill level 4 in Axes
  1335 | D:2      | 1335 ||| Stepping ~*~*~tactically~*~*~ (stealth).
  1565 | D:2      | 1565 ||| UPGRADING to +0 chain mail of cold resistance.
  1575 | D:2      | 1575 ||| DROPPING +0 scale mail.
  1576 | D:2      | 1576 ||| READING scroll labelled OMU HIUBBUE.
  1577 | D:2      | 1577 ||| READING scroll labelled HONEEG KUMMIRRIVO.
  1578 | D:2      | 1578 ||| DRINKING 2 murky brown potions.
  1579 | D:2      | 1579 ||| READING 2 scrolls of identify.
  1579 | D:2      | 1579 ||| IDENTIFYING sapphire potion
  1647 | D:3      | 1647 ||| DROPPING +0 whip.
  1657 | D:3      | Found Niteluc's Magic Scroll Shop.
  1739 | D:3      | Reached XP level 5. HP: 32/32 MP: 5/5
  1741 | D:3      | 1741 ||| SHOPLISTING scroll of brand weapon (123 gold, have
                  | 25).
  1741 | D:3      | 1741 ||| SHOPLISTING scroll of identify (26 gold, have 25).
  1763 | D:3      | 1763 ||| Stepping ~*~*~tactically~*~*~ (hiding).
  1764 | D:3      | 1764 ||| Stepping ~*~*~tactically~*~*~ (hiding).
  1765 | D:3      | 1765 ||| Stepping ~*~*~tactically~*~*~ (hiding).
  1766 | D:3      | 1766 ||| Stepping ~*~*~tactically~*~*~ (hiding).
  1768 | D:3      | 1768 ||| Stepping ~*~*~tactically~*~*~ (hiding).
  2239 | D:3      | 2239 ||| UPGRADING to amulet of the acrobat.
  2244 | D:3      | 2244 ||| UPGRADING to ring of protection from cold.
  2245 | D:3      | 2245 ||| READING scroll labelled WEOGHOOVVI.
  2286 | D:4      | 2286 ||| Stepping ~*~*~tactically~*~*~ (hiding).
  2312 | D:4      | 2312 ||| Stepping ~*~*~tactically~*~*~ (stealth).
  2343 | D:4      | 2343 ||| Stepping ~*~*~tactically~*~*~ (stealth).
  2411 | D:4      | Reached skill level 5 in Axes
  2528 | D:4      | Reached XP level 6. HP: 30/38 MP: 6/6
  2532 | D:4      | HP: 5/39 [gnoll/+0 flail (6)]
  2659 | D:4      | 2659 ||| DROPPING +0 whip of electrocution.
  2662 | D:4      | 2662 ||| DROPPING +0 flail.
  2684 | D:4      | HP: 9/39 [gnoll bouda/+0 whip (4)]
  2758 | D:4      | 2758 ||| Stepping ~*~*~tactically~*~*~ (stealth).
  2847 | D:4      | Found a runed translucent gate.
  2847 | D:4      | Found a runed translucent gate.
  2847 | D:4      | Found a runed translucent gate.
  2850 | D:4      | Identified the +5 short sword "Vinet" {holy, Fragile rPois
                  | Str+6}
  2850 | D:4      | Noticed qw's ghost (amateur DEHu)
  2932 | D:4      | HP: 9/39 [gnoll/+0 spear (2)]
  3054 | D:4      | Identified the +4 spear of Contention {pain, rPois Int+4}
  3060 | D:4      | 3060 ||| Stepping ~*~*~tactically~*~*~ (stealth).
  3079 | D:4      | 3079 ||| Stepping ~*~*~tactically~*~*~ (stealth).
  3081 | D:4      | 3081 ||| Stepping ~*~*~tactically~*~*~ (hiding).
  3137 | D:4      | 3137 ||| Stepping ~*~*~tactically~*~*~ (stealth).
  3246 | D:4      | Reached skill level 6 in Axes
  3371 | D:4      | 3371 ||| UPGRADING to +0 helmet.
  3376 | D:4      | 3376 ||| READING scroll labelled YMAAGYHITZ.
  3377 | D:4      | 3377 ||| READING scroll labelled ZIQECW UQOO.
  3378 | D:4      | 3378 ||| READING scroll labelled ZODICU FESOIH.
  3379 | D:4      | 3379 ||| READING scroll labelled NYC URITIAXZYPH.
  3379 | D:4      | Identified a scroll of acquirement
  3379 | D:4      | 3379 ||| ACQUIRING +1 heavy broad axe
  3379 | D:4      | Acquired a +1 heavy broad axe
  3381 | D:4      | 3381 ||| SWAPPING to +1 heavy broad axe.
  3382 | D:4      | 3382 ||| DROPPING +1 war axe.
  3383 | D:4      | 3383 ||| READING 2 scrolls of identify.
  3383 | D:4      | 3383 ||| IDENTIFYING murky black potion
  3418 | D:5      | Entered Level 5 of the Dungeon
  3419 | D:5      | 3419 ||| PLANNING SEWER
  3463 | D:5      | 3463 ||| FLEEEEING.
  3464 | D:5      | 3464 ||| FLEEEEING.
  3465 | D:5      | 3465 ||| FLEEEEING.
  3466 | D:5      | 3466 ||| FLEEEEING.
  3467 | D:5      | 3467 ||| FLEEEEING.
  3468 | D:5      | 3468 ||| FLEEEEING.
  3469 | D:5      | 3469 ||| FLEEEEING.
  3470 | D:5      | 3470 ||| FLEEEEING.
  3471 | D:5      | 3471 ||| FLEEEEING.
  3472 | D:5      | 3472 ||| FLEEEEING.
  3473 | D:5      | 3473 ||| FLEEEEING.
  3474 | D:5      | 3474 ||| FLEEEEING.
  3475 | D:5      | 3475 ||| FLEEEEING.
  3476 | D:5      | 3476 ||| FLEEEEING.
  3477 | D:5      | 3477 ||| FLEEEEING.
  3478 | D:5      | 3478 ||| FLEEEEING.
  3479 | D:5      | 3479 ||| FLEEEEING.
  3482 | D:5      | Reached skill level 1 in Dodging
  3482 | D:5      | Reached XP level 7. HP: 41/44 MP: 7/7
  3492 | D:5      | 3492 ||| Stepping ~*~*~tactically~*~*~ (stealth).
  3554 | D:5      | 3554 ||| Stepping ~*~*~tactically~*~*~ (stealth).
  3774 | D:5      | 3774 ||| Stepping ~*~*~tactically~*~*~ (stealth).
  3775 | D:5      | 3775 ||| Stepping ~*~*~tactically~*~*~ (stealth).
  3776 | D:5      | 3776 ||| Stepping ~*~*~tactically~*~*~ (stealth).
  3777 | D:5      | 3777 ||| Stepping ~*~*~tactically~*~*~ (stealth).
  3781 | D:5      | 3781 ||| Stepping ~*~*~tactically~*~*~ (stealth).
  3895 | D:5      | Found a runed translucent door.
  3896 | D:5      | Noticed Crazy Yiuf
  3970 | D:5      | Found a glowing drain.
  4113 | D:5      | 4113 ||| RIP SEWER
  4113 | D:5      | 4113 ||| PLANNING D:1-11
  4113 | D:5      | 4113 ||| DRINKING 3 pink potions.
  4114 | D:5      | 4114 ||| READING 2 scrolls of identify.
  4114 | D:5      | 4114 ||| IDENTIFYING blue potion
  4138 | D:6      | 4138 ||| PLANNING OSSUARY
  4143 | D:6      | Reached skill level 7 in Axes
  4207 | D:6      | 4207 ||| Stepping ~*~*~tactically~*~*~ (hiding).
  4208 | D:6      | 4208 ||| Stepping ~*~*~tactically~*~*~ (hiding).
  4210 | D:6      | Noticed a two-headed ogre
  4211 | D:6      | Noticed Menkaure
  4213 | D:6      | HP: 7/44 [orc priest/divine providence (11)]
  4213 | D:6      | Slain by an orc

Levels and vault maps discovered:
D:1:      roderic_chinese_lattice_arrival, layout_loops_ring,
          chequers_ecumenical_altar_twisty, serial_shops,
          nicolae_shop_tiny_statue_garden, minmay_misc_feat_tiny
D:2:      layout_rooms, uniq_terence
D:3:      layout_rooms, serial_shops, shop, chequers_serial_rivers_small_3,
          grunt_decor_cap
D:4:      corexii_shantytown, layout_rooms, biasface_ghost_orc_armoury,
          nicolae_elevator_lobby_plus
D:5:      layout_basic, gup_sewer_entry_glass, nicolae_wormholes,
          uniq_crazy_yiuf_cottage
D:6:      layout_rooms, old_standard_altar, serial_shops, shop,
          nicolae_shop_rolled_up, nicolae_shop_waterfront,
          gup_ossuary_entry_pyramid, uniq_menkaure, uniq_blork_the_orc,
          uniq_sigmund

Skill      XL: |  1  2  3  4  5  6  7 |
---------------+----------------------+-----
Axes           | 2 3 4 5 6 7 |  7.0
Fighting       | 4 |  4.8
Dodging        | 1 |  1.8
Armour         | |  3.2
Shields        | |  3.2

Action                     |  1- 3 |  4- 6 |  7- 9 || total
---------------------------+-------+-------+-------++-------
  Melee: War axe           |    68 |   266 |       ||   334
         Broad axe         |       |    13 |    36 ||    49
    Use: Scroll            |     3 |     9 |     1 ||    13
         Potion            |       |     1 |     1 ||     2
 Armour: Scale mail        |    31 |    30 |       ||    61
         Chain mail        |       |   131 |    34 ||   165
  Dodge: Dodged            |    33 |   124 |    21 ||   178
  Block: Buckler           |    14 |    49 |    10 ||    73

Table legend:
 A = Non-vault XP
 B = Vault XP
 C = Vault XP percentage of total XP
 D = Non-vault monster count
 E = Vault monster count
 F = Vault count percentage of total count
                 A         B        C        D         E       F
            +---------+---------+-------+---------+---------+-------
      Total |     965 |     171 |  15.1 |     100 |      35 |  25.9
            +---------+---------+-------+---------+---------+-------
        D:1 |      41 |       0 |   0.0 |      24 |       0 |   0.0
        D:2 |      58 |      36 |  38.3 |      18 |       1 |   5.3
        D:3 |      42 |       0 |   0.0 |      19 |       0 |   0.0
        D:4 |     288 |     115 |  28.5 |      24 |      30 |  55.6
        D:5 |     373 |      20 |   5.1 |      11 |       4 |  26.7
        D:6 |     163 |       0 |   0.0 |       4 |       0 |   0.0
            +---------+---------+-------+---------+---------+-------
